| TOP OF THE 1ST |
|
Mazatlan Playas batting - Pitching for Merida Olas : LHP Sid Fernandez
|
|
Pitching: LHP Sid Fernandez
|
|
|
Batting: RHB Dave Stegman
|
0-0: Ball 1-0: Foul Ball, location: 2F 1-1: Ball 2-1: Foul Ball, location: 2F 2-2: Ball 3-2: Base on Balls
|
|
Batting: LHB Mike Greenwell
|
0-0: SINGLE (Flyball, 89S, EV 85.0 MPH) Dave Stegman to second Runner from 2nd tries for 3rd, SAFE, no throw by RF
|
|
Batting: RHB Mike Fuentes
|
0-0: Ball 1-0: Ball 2-0: Foul Ball, location: 2F 2-1: Ball 3-1: Base on Balls Mike Greenwell to second
|
|
Batting: LHB Leon Durham
|
0-0: Ball 1-0: Called Strike 1-1: Ball 2-1: Ball 3-1: Base on Balls Dave Stegman scores Mike Greenwell to third Mike Fuentes to second
|
|
Batting: RHB Kevin Mitchell
|
0-0: Swinging Strike 0-1: Swinging Strike 0-2: Ball 1-2: Strikes out swinging
|
|
Batting: SHB Howard Johnson
|
0-0: Called Strike 0-1: Foul Ball, location: 2F 0-2: Ball 1-2: Ball 2-2: Strikes out looking
|
|
Batting: LHB Matt Winters
|
0-0: Ball 1-0: Foul Ball, location: 2F 1-1: Foul Ball, location: 2F 1-2: Ball 2-2: Foul Ball, location: 2F 2-2: Ball 3-2: Strikes out swinging
|
| Top of the 1st over - 1 run, 1 hit, 0 errors, 3 left on base; Mazatlan 1 - Merida 0 |
| BOTTOM OF THE 1ST |
|
Merida Olas batting - Pitching for Mazatlan Playas : RHP Charlie Lea
|
|
Pitching: RHP Charlie Lea
|
|
|
Batting: LHB La Schelle Tarver
|
0-0: Swinging Strike 0-1: Ball 1-1: Called Strike 1-2: Strikes out swinging
|
|
Batting: LHB Gary Jones
|
0-0: Called Strike 0-1: Ball 1-1: Called Strike 1-2: Ball 2-2: Ball 3-2: Base on Balls
|
|
Batting: LHB Ronald Little
|
0-0: Ball 1-0: Fly out, F9 (Flyball, 9, EV 96.3 MPH)
|
|
Batting: LHB Mike L Hart
|
0-0: Called Strike 0-1: Foul Ball, location: 2F 0-2: Ground out 3-1 (Groundball, 34S, EV 90.0 MPH)
|
| Bottom of the 1st over - 0 runs, 0 hits, 0 errors, 1 left on base; Mazatlan 1 - Merida 0 |
| TOP OF THE 2ND |
|
Mazatlan Playas batting - Pitching for Merida Olas : LHP Sid Fernandez
|
|
Batting: LHB Daryl Boston
|
0-0: Swinging Strike 0-1: Bunt missed! 0-2: Ball 1-2: SINGLE (Line Drive, 8RS, EV 104.4 MPH)
|
|
Batting: SHB Donnie Scott
|
0-0: Called Strike 0-1: Ball 1-1: Ball 2-1: Swinging Strike 2-2: Foul Ball, location: 2F 2-2: Ball 3-2: Foul Ball, location: 2F 3-2: Foul Ball, location: 2F 3-2: Foul Ball, location: 2F 3-2: Fly out, F9 (Flyball, 89D, EV 100.6 MPH)
|
|
Batting: RHB Dave Stegman
|
0-0: Called Strike 0-1: Ball 1-1: Ball 2-1: Called Strike 2-2: Ball 3-2: Fly out, F8 (Flyball, 78D, EV 75.0 MPH)
|
|
Batting: LHB Mike Greenwell
|
0-0: Ball 1-0: Ball 2-0: Ball Wild Pitch! Daryl Boston to second 3-0: Base on Balls
|
|
Batting: RHB Mike Fuentes
|
0-0: Ball 1-0: Ball 2-0: Swinging Strike 2-1: Called Strike 2-2: Ball 3-2: Strikes out swinging, 2-3 out at first.
|
| Top of the 2nd over - 0 runs, 1 hit, 0 errors, 2 left on base; Mazatlan 1 - Merida 0 |
| BOTTOM OF THE 2ND |
|
Merida Olas batting - Pitching for Mazatlan Playas : RHP Charlie Lea
|
|
Batting: RHB Bob Bathe
|
0-0: Ball 1-0: Called Strike 1-1: Ball 2-1: Called Strike 2-2: SINGLE (Groundball, 56S, EV 67.5 MPH) (infield hit)
|
|
Batting: LHB Vernon Ramie
|
0-0: Ball Bob Bathe is caught stealing 2nd base 2-6 1-0: Ball 2-0: Foul Ball, location: 2F 2-1: SINGLE (Line Drive, 56D, EV 94.4 MPH)
|
|
Batting: SHB Rodney Scott
|
0-0: Ball 1-0: Ground out 5-3 (Groundball, 5S, EV 75.0 MPH) Vernon Ramie to second
|
|
Batting: LHB Ty Van Burkleo
|
0-0: Called Strike 0-1: Ball 1-1: Swinging Strike 1-2: Foul Ball, location: 2F 1-2: Ball 2-2: Ball 3-2: Base on Balls
|
|
Batting: LHB Joe Szekely
|
0-0: Ball 1-0: Foul Ball, location: 2F 1-1: SINGLE (Line Drive, 89M, EV 104.4 MPH) Vernon Ramie to third Ty Van Burkleo to second Runner from 3rd tries for Home, SAFE, no throw by RF
|
|
Batting: LHB La Schelle Tarver
|
0-0: Called Strike 0-1: Ball 1-1: Ball 2-1: Foul Ball, location: 2F 2-2: Ball 3-2: Base on Balls Ty Van Burkleo to third Joe Szekely to second
|
|
Batting: LHB Gary Jones
|
0-0: Ball 1-0: Called Strike 1-1: Swinging Strike 1-2: Foul Ball, location: 2F 1-2: Ball 2-2: Ball 3-2: Foul Ball, location: 2F 3-2: Foul Ball, location: 2F 3-2: Base on Balls Ty Van Burkleo scores Joe Szekely to third La Schelle Tarver to second
|
|
Batting: LHB Ronald Little
|
0-0: Called Strike 0-1: Fielders Choice at 2nd, U4 (Groundball, 4M, EV 78.1 MPH)
|
| Bottom of the 2nd over - 2 runs, 3 hits, 0 errors, 3 left on base; Mazatlan 1 - Merida 2 |
| TOP OF THE 3RD |
|
Mazatlan Playas batting - Pitching for Merida Olas : LHP Sid Fernandez
|
|
Batting: LHB Leon Durham
|
0-0: Called Strike 0-1: Ground out 2-3 (Groundball, 2L, EV 69.4 MPH)
|
|
Batting: RHB Kevin Mitchell
|
0-0: Ball 1-0: Foul Ball, location: 2F 1-1: DOUBLE (Flyball, 89D, EV 85.0 MPH)
|
|
Batting: SHB Howard Johnson
|
0-0: Ball 1-0: Ball 2-0: Swinging Strike 2-1: Foul Ball, location: 2F 2-2: Foul Ball, location: 2F 2-2: SINGLE (Groundball, 6M, EV 100.0 MPH) Kevin Mitchell to third Runner from 3rd tries for Home, SAFE, throw by CF to home
|
|
Batting: LHB Matt Winters
|
0-0: Ball Howard Johnson steals 2nd base (no throw) 1-0: Ball 2-0: Reached on error, E2 (Groundball, 2L, EV 66.9 MPH) Howard Johnson to third
|
|
Batting: LHB Daryl Boston
|
0-0: Called Strike 0-1: Called Strike 0-2: Strikes out looking
|
|
Batting: SHB Donnie Scott
|
0-0: Ball Wild Pitch! Howard Johnson scores Matt Winters to second 1-0: Called Strike 1-1: Foul Ball, location: 2F 1-2: Foul Ball, location: 2F 1-2: Ball 2-2: Strikes out looking
|
| Top of the 3rd over - 2 runs, 2 hits, 1 error, 1 left on base; Mazatlan 3 - Merida 2 |
| BOTTOM OF THE 3RD |
|
Merida Olas batting - Pitching for Mazatlan Playas : RHP Charlie Lea
|
|
Batting: LHB Mike L Hart
|
0-0: Called Strike 0-1: Called Strike 0-2: Strikes out swinging
|
|
Batting: RHB Bob Bathe
|
0-0: Called Strike 0-1: Ground out 6-3 (Groundball, 6D, EV 96.3 MPH)
|
|
Batting: LHB Vernon Ramie
|
0-0: Ball 1-0: Fly out, F9 (Flyball, 89M, EV 81.9 MPH)
|
| Bottom of the 3rd over - 0 runs, 0 hits, 0 errors, 0 left on base; Mazatlan 3 - Merida 2 |
| TOP OF THE 4TH |
|
Mazatlan Playas batting - Pitching for Merida Olas : LHP Sid Fernandez
|
|
Batting: RHB Dave Stegman
|
0-0: Called Strike 0-1: Called Strike 0-2: Ball 1-2: Strikes out looking
|
|
Batting: LHB Mike Greenwell
|
0-0: Ball 1-0: Ball 2-0: Ground out 5-3 (Groundball, 5L, EV 86.9 MPH)
|
|
Batting: RHB Mike Fuentes
|
0-0: Ball 1-0: Called Strike 1-1: Ball 2-1: Ball 3-1: Foul Ball, location: 2F 3-2: Base on Balls
|
|
Batting: LHB Leon Durham
|
0-0: Foul Ball, location: 2F 0-1: Ball 1-1: Ball 2-1: Ground out 4-3 (Groundball, 4, EV 104.4 MPH)
|
| Top of the 4th over - 0 runs, 0 hits, 0 errors, 1 left on base; Mazatlan 3 - Merida 2 |
| BOTTOM OF THE 4TH |
|
Merida Olas batting - Pitching for Mazatlan Playas : RHP Charlie Lea
|
|
Batting: SHB Rodney Scott
|
0-0: Ball 1-0: Ground out 4-3 (Groundball, 4, EV 95.0 MPH)
|
|
Batting: LHB Ty Van Burkleo
|
0-0: Ball 1-0: SINGLE (Flyball, 56D, EV 98.1 MPH)
|
|
Batting: LHB Joe Szekely
|
0-0: Ball Ty Van Burkleo is caught stealing 2nd base 2-6 1-0: Ball 2-0: Fly out, F9 (Flyball, 9LM, EV 83.8 MPH)
|
| Bottom of the 4th over - 0 runs, 1 hit, 0 errors, 0 left on base; Mazatlan 3 - Merida 2 |
| TOP OF THE 5TH |
|
Mazatlan Playas batting - Pitching for Merida Olas : LHP Sid Fernandez
|
|
Batting: RHB Kevin Mitchell
|
0-0: Called Strike 0-1: Called Strike 0-2: Ball 1-2: Foul Ball, location: 2F 1-2: Ground out 5-3 (Groundball, 56, EV 85.0 MPH)
|
|
Batting: SHB Howard Johnson
|
0-0: Foul Ball, location: 2F 0-1: Ball 1-1: Ball 2-1: Ball 3-1: Ball
|
|
Batting: LHB Matt Winters
|
0-0: Ball 1-0: Ball 2-0: Ball 3-0: Base on Balls Howard Johnson to second
|
|
Batting: LHB Daryl Boston
|
0-0: Swinging Strike 0-1: Swinging Strike 0-2: Strikes out swinging
|
|
Batting: SHB Donnie Scott
|
0-0: Foul Ball, location: 2F 0-1: Ball 1-1: Ball 2-1: Foul Ball, location: 2F 2-2: Ball 3-2: Strikes out looking
|
| Top of the 5th over - 0 runs, 0 hits, 0 errors, 2 left on base; Mazatlan 3 - Merida 2 |
| BOTTOM OF THE 5TH |
|
Merida Olas batting - Pitching for Mazatlan Playas : RHP Charlie Lea
|
|
Batting: LHB La Schelle Tarver
|
0-0: Called Strike 0-1: Ball 1-1: Ball 2-1: Ball 3-1: Base on Balls
|
|
Batting: LHB Gary Jones
|
0-0: Ball La Schelle Tarver steals 2nd base 1-0: Ball 2-0: Ball 3-0: Called Strike 3-1: Called Strike 3-2: Foul Ball, location: 2F 3-2: Base on Balls
|
|
Batting: LHB Ronald Little
|
0-0: Called Strike 0-1: SINGLE (Groundball, 34D, EV 104.4 MPH) La Schelle Tarver to third Gary Jones to second Runner from 3rd tries for Home, SAFE, throw by RF to home
|
|
Batting: LHB Mike L Hart
|
0-0: Ball 1-0: SINGLE (Groundball, 4MD, EV 100.6 MPH) Gary Jones to third Ronald Little to second Runner from 3rd tries for Home, SAFE, throw by CF to home
|
|
Batting: RHB Bob Bathe
|
0-0: Called Strike 0-1: Ball 1-1: Foul Ball, location: 2F 1-2: Strikes out swinging
|
|
Batting: LHB Vernon Ramie
|
0-0: Ball 1-0: Swinging Strike 1-1: Fly out, F7 (Flyball, 7S, EV 94.4 MPH)
|
|
Batting: SHB Rodney Scott
|
0-0: Called Strike 0-1: Called Strike 0-2: Ball 1-2: Strikes out swinging, 2-3 out at first.
|
| Bottom of the 5th over - 2 runs, 2 hits, 0 errors, 2 left on base; Mazatlan 3 - Merida 4 |
| TOP OF THE 6TH |
|
Mazatlan Playas batting - Pitching for Merida Olas : LHP Sid Fernandez
|
|
Batting: RHB Dave Stegman
|
0-0: Ball 1-0: Ball 2-0: SINGLE (Line Drive, 34D, EV 95.0 MPH)
|
|
Batting: LHB Mike Greenwell
|
0-0: Swinging Strike 0-1: Ball 1-1: Ball 2-1: Foul Ball, location: 2F 2-2: SINGLE (Groundball, 56D, EV 103.8 MPH) Dave Stegman to second
|
|
Batting: RHB Mike Fuentes
|
0-0: Called Strike 0-1: Ball 1-1: Called Strike 1-2: Foul Ball, location: 2F 1-2: Ball 2-2: Ball 3-2: Foul Ball, location: 2F 3-2: Foul Ball, location: 2F 3-2: SINGLE (Flyball, 56D, EV 86.3 MPH) Dave Stegman to third Mike Greenwell to second
|
|
Batting: LHB Leon Durham
|
0-0: Ball 1-0: Ball 2-0: Ball 3-0: Base on Balls Dave Stegman scores Mike Greenwell to third Mike Fuentes to second
|
|
Batting: RHB Kevin Mitchell
|
0-0: Swinging Strike 0-1: Ball 1-1: Swinging Strike 1-2: Ball 2-2: Foul Ball, location: 2F 2-2: Ball 3-2: Grounds into double play, 2-3 (Groundball, 2R, EV 65.6 MPH) Mike Fuentes to third Leon Durham to second
|
|
Batting: SHB Howard Johnson
|
0-0: Ball 1-0: Fly out, F9 (Line Drive, 9, EV 90.6 MPH)
|
| Top of the 6th over - 1 run, 3 hits, 0 errors, 2 left on base; Mazatlan 4 - Merida 4 |
| BOTTOM OF THE 6TH |
|
Merida Olas batting - Pitching for Mazatlan Playas : RHP Charlie Lea
|
|
Batting: LHB Ty Van Burkleo
|
0-0: Ball 1-0: Ball 2-0: Foul Ball, location: 2F 2-1: Ball 3-1: Ground out 5-3 (Groundball, 5, EV 81.3 MPH)
|
|
Batting: LHB Joe Szekely
|
0-0: Called Strike 0-1: Fly out, F7 (Flyball, 7S, EV 82.5 MPH)
|
|
Batting: LHB La Schelle Tarver
|
0-0: Ball 1-0: Ball 2-0: Foul Ball, location: 2F 2-1: Swinging Strike 2-2: Fly out, F8 (Flyball, 8LS, EV 90.0 MPH)
|
| Bottom of the 6th over - 0 runs, 0 hits, 0 errors, 0 left on base; Mazatlan 4 - Merida 4 |
| TOP OF THE 7TH |
|
Mazatlan Playas batting - Pitching for Merida Olas : LHP Sid Fernandez
|
|
Pitching: LHP Matt Young
|
|
|
Batting: LHB Matt Winters
|
0-0: Called Strike 0-1: Foul Ball, location: 2F 0-2: Foul Ball, location: 2F 0-2: Strikes out looking
|
|
Batting: LHB Daryl Boston
|
0-0: Ball 1-0: Called Strike 1-1: Swinging Strike 1-2: Foul Ball, location: 2F 1-2: Strikes out looking
|
|
Batting: SHB Donnie Scott
|
0-0: Foul Ball, location: 2F 0-1: Called Strike 0-2: Ground out 5-3 (Groundball, 56, EV 101.9 MPH)
|
| Top of the 7th over - 0 runs, 0 hits, 0 errors, 0 left on base; Mazatlan 4 - Merida 4 |
| BOTTOM OF THE 7TH |
|
Merida Olas batting - Pitching for Mazatlan Playas : RHP Charlie Lea
|
|
Batting: LHB Gary Jones
|
0-0: Ball 1-0: Ball 2-0: Ball 3-0: Swinging Strike 3-1: Base on Balls
|
|
Batting: LHB Ronald Little
|
0-0: Ball Wild Pitch! Gary Jones to second 1-0: Ball 2-0: Called Strike 2-1: Ball 3-1: Fly out, F9 (Flyball, 9LS, EV 86.9 MPH)
|
|
Batting: LHB Mike L Hart
|
0-0: Intentional Walk
|
|
Batting: RHB Bob Bathe
|
0-0: Ball 1-0: Called Strike 1-1: Ball 2-1: Foul Ball, location: 2F 2-2: Foul Ball, location: 2F 2-2: Foul Ball, location: 2F 2-2: Ball 3-2: Base on Balls Gary Jones to third Mike L Hart to second
|
|
Batting: LHB Vernon Ramie
|
0-0: Foul Ball, location: 2F 0-1: Ball 1-1: Fly out, F8 (Flyball, 8RM, EV 94.4 MPH) Runner from 3rd tags up, SCORES, throw by CF
|
|
Batting: SHB Rodney Scott
|
0-0: Ball 1-0: Ball 2-0: SINGLE (Line Drive, 8LS, EV 101.3 MPH) Mike L Hart to third Bob Bathe to second Runner from 3rd tries for Home, SAFE, throw by CF to home
|
|
Pitching: RHP Juan Cardona
|
|
|
Batting: LHB Ty Van Burkleo
|
0-0: Foul Ball, location: 2F 0-1: Ball 1-1: Ground out 4-3 (Groundball, 4, EV 84.4 MPH)
|
| Bottom of the 7th over - 2 runs, 1 hit, 0 errors, 2 left on base; Mazatlan 4 - Merida 6 |
| TOP OF THE 8TH |
|
Mazatlan Playas batting - Pitching for Merida Olas : LHP Matt Young
|
|
Batting: RHB Dave Stegman
|
0-0: Ball 1-0: Called Strike 1-1: Ball 2-1: Swinging Strike 2-2: Foul Ball, location: 2F 2-2: Strikes out swinging
|
|
Batting: LHB Mike Greenwell
|
0-0: Called Strike 0-1: Ground out U3 (Groundball, 3, EV 90.6 MPH)
|
|
Batting: RHB Mike Fuentes
|
0-0: Ball 1-0: Swinging Strike 1-1: Swinging Strike 1-2: Foul Ball, location: 2F 1-2: Ball 2-2: Foul Ball, location: 2F 2-2: Foul Ball, location: 2F 2-2: Strikes out swinging
|
| Top of the 8th over - 0 runs, 0 hits, 0 errors, 0 left on base; Mazatlan 4 - Merida 6 |
| BOTTOM OF THE 8TH |
|
Merida Olas batting - Pitching for Mazatlan Playas : RHP Juan Cardona
|
|
Batting: LHB Joe Szekely
|
0-0: Ball 1-0: Ball 2-0: Foul Ball, location: 2F 2-1: Foul Ball, location: 2F 2-2: Strikes out swinging
|
|
Batting: LHB La Schelle Tarver
|
0-0: Called Strike 0-1: Ball 1-1: SINGLE (Groundball, 6D, EV 95.0 MPH)
|
|
Batting: LHB Gary Jones
|
0-0: Called Strike 0-1: Ball 1-1: Ball 2-1: Ball La Schelle Tarver steals 2nd base 3-1: Foul Ball, location: 2F 3-2: Base on Balls
|
|
Batting: LHB Ronald Little
|
0-0: Fielders Choice at 2nd, 4-6 (Groundball, 4, EV 93.8 MPH) La Schelle Tarver to third
|
|
Batting: LHB Mike L Hart
|
0-0: Ball 1-0: Fly out, F8 (Flyball, 8LM, EV 78.8 MPH)
|
| Bottom of the 8th over - 0 runs, 1 hit, 0 errors, 2 left on base; Mazatlan 4 - Merida 6 |
| TOP OF THE 9TH |
|
Mazatlan Playas batting - Pitching for Merida Olas : LHP Matt Young
|
|
Batting: LHB Leon Durham
|
0-0: Foul Ball, location: 2F 0-1: Foul Ball, location: 2F 0-2: Ball 1-2: Fly out, F9 (Flyball, 89D, EV 85.6 MPH)
|
|
Batting: RHB Kevin Mitchell
|
0-0: Ball 1-0: Ground out 6-3 (Groundball, 6, EV 103.1 MPH)
|
|
Batting: SHB Howard Johnson
|
0-0: Called Strike 0-1: Fly out, F8 (Flyball, 89M, EV 86.9 MPH)
|
| Top of the 9th over - 0 runs, 0 hits, 0 errors, 0 left on base; Mazatlan 4 - Merida 6 |
|